 Dungeon Crawl Stone Soup version 0.31-a0-819-gf6de2f5ab6 (webtiles) character file.

Game seed: 3307801749298036837

392 qw the Shooter (level 6, -2/38 HPs)
             Began as a Gargoyle Hunter on Sept 23, 2023.
             Slain by Duvessa
             ... wielding a +0 short sword
              (5 damage)
             ... on level 4 of the Dungeon.
             The game lasted 00:01:01 (1900 turns).

qw the Shooter (Gargoyle Hunter)                    Turns: 1900, Time: 00:01:01

Health: -2/38      AC:  9    Str: 17    XL:     6   Next: 80%
Magic:  6/6        EV: 12    Int: 10    God:
Gold:   200        SH:  0    Dex: 15    Spells: 5/5 levels left

rFire   . . .        Y - +0 shortbow (heavy)
rCold   . . .        (shield currently unavailable)
rNeg    + . .        h - +0 troll leather armour
rPois   inf          (no helmet)
rElec   +            (no cloak)
rCorr   .            d - +1 pair of gloves {Str+3}
SInv    .            (no boots)
Will    .....        (no amulet)
Stlth   ++           (no ring)
HPRegen 1.06/turn    (no ring)
MPRegen 0.10/turn

%: no passive effects
@: about to teleport
A: sickness immunity, AC +4, negative energy resistance 1, electricity
resistance, torment resistance 1, petrification resistance
a: no special abilities


You were on level 4 of the Dungeon.
You visited 1 branch of the dungeon, and saw 4 of its levels.

You collected 200 gold pieces.


Innate Abilities, Weirdness & Mutations

You are immune to sickness and miasma.
Your stone body is resilient. (AC +4)
You are immune to poison.
You resist negative energy. (rN+)
You are resistant to electric shocks. (rElec)
You are resistant to unholy torment.
You are immune to petrification.


   Skills:
 - Level 4.0 Fighting
 - Level 7.0 Ranged Weapons
 - Level 1.5 Armour
 + Level 1.6 Dodging
 - Level 1.1 Stealth


You had 5 spell levels left.
You didn't know any spells.
Your spell library was empty.

Inventory:

Hand Weapons
 Y - a +0 heavy shortbow (weapon)
Armour
 d - a +1 pair of gloves of strength (worn)
 h - a +0 troll leather armour (worn)
Scrolls
 i - 3 scrolls of identify
Potions
 b - a potion of heal wounds
 f - a potion of haste

Dungeon Overview and Level Annotations

Branches:
Dungeon (4/15)
 Temple: D:4-7

Altars:

Annotations:
D:4 Dowan, Duvessa


Message History

You resist with some effort.
1890 |||
Found retreat position at 1,0 (floor) with 0 blocking monsters and 1 monsters attacking at destination at distance 1
1890 ||| STILL RETREEAATING.
Duvessa is nearby!
You shoot an arrow.
The arrow hits Duvessa but does no damage.
You shoot an arrow. The arrow hits Duvessa.
Duvessa is lightly wounded.
Duvessa misses you. Duvessa hits you with a +0 short sword.
You shoot an arrow. The arrow hits Duvessa!
Duvessa is heavily wounded.
Duvessa barely misses you. Duvessa hits you with a +0 short sword!
You shoot an arrow. The arrow completely misses Duvessa.
The arrow barely misses Dowan.
Duvessa hits you with a +0 short sword. Duvessa hits you with a +0 short sword!
Duvessa hits you but does no damage.
You shoot an arrow. The arrow hits Duvessa!
Duvessa is severely wounded.
Duvessa hits you with a +0 short sword. x2
Dowan smirks and points a slender finger.
Dowan gestures wildly while chanting.
Dowan blinks!
1898 |||
Found retreat position at -1,0 (Duvessa; floor) with 0 blocking monsters and 1 monsters attacking at destination at distance 1 You shoot an arrow.
The arrow hits Duvessa.
Duvessa is almost dead.
Duvessa misses you. Duvessa hits you but does no damage.
1899 |||
Found retreat position at -1,0 (Duvessa; floor) with 0 blocking monsters and 1 monsters attacking at destination at distance 1 You shoot an arrow.
The arrow hits Duvessa.
Duvessa is almost dead.
Duvessa closely misses you.
Dowan points at you and mumbles some strange words.
The puff of frost hits you! Duvessa closely misses you.
Duvessa hits you with a +0 short sword.
Dowan mumbles some strange words.
Dowan blinks!
1900 ||| READING scroll of teleportation.
As you read the scroll of teleportation, it crumbles to dust.
You feel strangely unstable. Duvessa hits you with a +0 short sword.
You die...

#######################
#..........>..........[
#.#####################
#.# #.# #.#
#.##########..
#.>..e@..ยค....
#..#######.... #..# .
#..# #..# #ee# ...#
...# ...#


You could see Duvessa (fast).

Vanquished Creatures
  Sigmund (D:2)
  Ijyb (D:3)
  Natasha (thrice) (D:3)
  Terence (D:3)
  4 adders
  An ufetubus (D:4)
  3 worms
  A dart slug (D:1)
  An orc (D:3)
  11 endoplasms
  A giant cockroach (D:1)
  8 hobgoblins
  2 jackals (D:4)
  7 kobolds
  A quokka (D:2)
  7 ball pythons
  8 bats
  2 frilled lizards (D:1)
  6 rats
69 creatures vanquished.

Notes
Turn   | Place    | Note
-------+----------+-------------------------------------------
     0 | D:1      | qw the Gargoyle Hunter began the quest for the Orb.
     0 | D:1      | Reached XP level 1. HP: 12/12 MP: 1/1
     0 | D:1      | 0 ||| qw: Version: 0.3-a-83-gcd0e7d8
     0 | D:1      | 0 ||| qw: Game counter: 1657
     0 | D:1      | 0 ||| qw: Melee chars always use a shield: true
     0 | D:1      | 0 ||| qw: God list: Okawaru
     0 | D:1      | 0 ||| qw: Allow faded altars: false
     0 | D:1      | 0 ||| qw: Do Orc after clearing Dungeon:15 true
     0 | D:1      | 0 ||| qw: Do second Lair branch before Depths: true
     0 | D:1      | 0 ||| qw: Lair rune preference: random
     0 | D:1      | 0 ||| qw: Goals: Normal
     0 | D:1      | 0 ||| PLANNING D:1-11
   118 | D:1      | Reached XP level 2. HP: 17/17 MP: 2/2
   254 | D:1      | Found a faded altar of an unknown god.
   317 | D:1      | Reached XP level 3. HP: 17/21 MP: 3/3
   369 | D:1      | Reached skill level 5 in Ranged Weapons
   451 | D:1      | 451 ||| UPGRADING to +1 pair of gloves of strength.
   456 | D:1      | 456 ||| UPGRADING to +0 troll leather armour.
   466 | D:1      | 466 ||| DROPPING +0 leather armour.
   467 | D:1      | 467 ||| READING scroll labelled QEX ZEUMMISH.
   471 | D:1      | 471 ||| READING scroll labelled ICLILLEINO.
   472 | D:1      | 472 ||| READING 3 scrolls labelled LITALL TIAW.
   473 | D:1      | 473 ||| READING 2 scrolls labelled OLAJOO WOIG.
   474 | D:1      | 474 ||| READING 2 scrolls of identify.
   474 | D:1      | 474 ||| IDENTIFYING viscous coppery potion
   475 | D:1      | 475 ||| DROPPING scroll of butterflies.
   476 | D:1      | 476 ||| DROPPING scroll of vulnerability.
   769 | D:2      | Reached skill level 3 in Fighting
   844 | D:2      | Reached XP level 4. HP: 28/28 MP: 4/4
  1239 | D:2      | Noticed Sigmund
  1252 | D:2      | Killed Sigmund
  1253 | D:2      | Reached skill level 6 in Ranged Weapons
  1253 | D:2      | Reached XP level 5. HP: 24/32 MP: 5/5
  1271 | D:2      | 1271 ||| READING scroll labelled DALAPN HOAM.
  1272 | D:2      | 1272 ||| READING 2 scrolls labelled WEUMEOPLIO.
  1273 | D:2      | 1273 ||| READING scroll of brand weapon.
  1273 | D:2      | 1273 ||| BRANDING +0 shortbow of draining.
  1306 | D:3      | Reached XP level 6. HP: 37/37 MP: 6/6
  1506 | D:3      | Noticed Ijyb
  1514 | D:3      | HP: 7/37 [Ijyb/bolt of dispelling energy (18)]
  1515 | D:3      | Killed Ijyb
  1516 | D:3      | Reached skill level 1 in Armour
  1525 | D:3      | 1525 ||| FLEEEEING.
  1527 | D:3      | 1527 ||| FLEEEEING.
  1528 | D:3      | 1528 ||| FLEEEEING.
  1532 | D:3      | 1532 ||| STAIRDANCE
  1540 | D:2      | 1540 ||| DRINKING 2 yellow potions.
  1548 | D:2      | 1548 ||| DROPPING potion of ambrosia.
  1633 | D:3      | Noticed Terence
  1637 | D:3      | Killed Terence
  1673 | D:3      | Noticed Natasha
  1688 | D:3      | Killed Natasha
  1731 | D:3      | Noticed Natasha
  1735 | D:3      | 1735 ||| Stepping ~*~*~tactically~*~*~ (retreating).
  1736 | D:3      | 1736 ||| Stepping ~*~*~tactically~*~*~ (retreating).
  1737 | D:3      | 1737 ||| Stepping ~*~*~tactically~*~*~ (retreating).
  1738 | D:3      | 1738 ||| Stepping ~*~*~tactically~*~*~ (retreating).
  1745 | D:3      | Killed Natasha
  1796 | D:3      | 1796 ||| DRINKING 2 white potions.
  1802 | D:3      | Noticed Natasha
  1806 | D:3      | Killed Natasha
  1824 | D:4      | Reached skill level 7 in Ranged Weapons
  1885 | D:4      | Noticed Dowan
  1887 | D:4      | Noticed Duvessa
  1888 | D:4      | 1888 ||| RETREEAATING.
  1889 | D:4      | 1889 ||| STILL RETREEAATING.
  1890 | D:4      | 1890 ||| STILL RETREEAATING.
  1899 | D:4      | HP: 7/38 [Dowan/puff of frost (7)]
  1899 | D:4      | HP: 2/38 [Duvessa/+0 short sword (5)]
  1900 | D:4      | 1900 ||| READING scroll of teleportation.
  1900 | D:4      | Slain by Duvessa

Levels and vault maps discovered:
D:1:      minmay_arrival_semitransparent, layout_rooms,
          shapermc_ecumenical_altar_rom_forum, minmay_tetromino_l4
D:2:      layout_basic, uniq_sigmund
D:3:      layout_basic, kennysheep_potato, uniq_natasha, uniq_ijyb, uniq_terence
D:4:      layout_basic, uniq_duvessa

Skill      XL: |  1  2  3  4  5  6 |
---------------+-------------------+-----
Ranged Weapons | 5 6 7 |  7.0
Fighting       | 3 4 |  4.0
Armour         | 1 |  1.5
Dodging        | |  1.6
Stealth        | |  1.1

Action                     |  1- 3 |  4- 6 || total
---------------------------+-------+-------++-------
   Fire: Shortbow          |   111 |   110 ||   221
    Use: Scroll            |     5 |     4 ||     9
         Potion            |       |     2 ||     2
 Armour: Leather armour    |    10 |       ||    10
         Troll leather arm |    14 |    89 ||   103
  Dodge: Dodged            |    21 |    53 ||    74

Table legend:
 A = Non-vault XP
 B = Vault XP
 C = Vault XP percentage of total XP
 D = Non-vault monster count
 E = Vault monster count
 F = Vault count percentage of total count
                 A         B        C        D         E       F
            +---------+---------+-------+---------+---------+-------
      Total |     215 |     345 |  61.6 |      59 |      10 |  14.5
            +---------+---------+-------+---------+---------+-------
        D:1 |      36 |       5 |  12.2 |      22 |       3 |  12.0
        D:2 |      62 |     214 |  77.5 |      20 |       1 |   4.8
        D:3 |     103 |     126 |  55.0 |      13 |       6 |  31.6
        D:4 |      14 |       0 |   0.0 |       4 |       0 |   0.0
            +---------+---------+-------+---------+---------+-------
